 Dungeon Crawl Stone Soup version 0.29.1-15-g9cfb28693d (webtiles) character file.

Game seed: 5615732223500588769

3628 Gabide the Thrower (level 9, -8/77 HPs)
             Began as a Demigod Gladiator on Apr 12, 2023.
             Mangled by a vault guard
             ... wielding a +0 broad axe
              (9 damage)
             ... on level 7 of the Dungeon.
             The game lasted 00:21:22 (9005 turns).

Gabide the Thrower (Demigod Gladiator)              Turns: 9005, Time: 00:21:22

Health: -8/77      AC:  9    Str: 24 (27) XL:     9   Next: 57%
Magic:  11/11      EV: 14    Int:  8 (10) God:
Gold:   103        SH:  0    Dex: 12 (15) Spells: 8/8 levels left

rFire   + . .      SeeInvis +   a - +2 flail
rCold   . . .      Faith    .   (no shield)
rNeg    . . .      Spirit   .   b - +0 leather armour
rPois   .          Reflect  .   c - +0 helmet
rElec   .          Harm     .   t - +2 cloak
rCorr   .          Rampage  .   (no gloves)
Will    .....                   p - +1 pair of boots
Stlth   +.........              (no amulet)
HPRegen 0.22/turn               u - ring of see invisible
MPRegen 0.12/turn               o - ring of protection from fire

@: no status effects
A: high MP 1, forlorn, divine attributes
a: no special abilities


You were on level 7 of the Dungeon.
You visited 1 branch of the dungeon, and saw 7 of its levels.
You also visited: Bailey.

You collected 213 gold pieces.
You spent 110 gold pieces at shops.

Inventory:

Hand Weapons
 a - a +2 flail (weapon)
 q - a +4 great mace of distortion
 v - the +7 Singing Sword {vorpal, sonic wave}
   (You found it on level 4 of the Dungeon)

   It inflicts extra damage upon your enemies.
   It radiates damaging sonic waves as it strikes, especially in combat
   involving dangerous or numerous foes.
Missiles
 i - 8 javelins (quivered)
Armour
 b - a +0 leather armour (worn)
 c - a +0 helmet (worn)
 p - a +1 pair of boots (worn)
 t - a +2 cloak (worn)
 B - the +1 leather armour "Ceunt" {rC- Str+4 Dex+6 Stlth+}
   (You found it on level 6 of the Dungeon)

   Str:       It affects your strength (+4).
   Dex:       It affects your dexterity (+6).
   rC:        It makes you vulnerable to cold.
   Stlth:     It makes you more stealthy.
Jewellery
 e - a ring of flight
 o - a ring of protection from fire (right hand)
 u - a ring of see invisible (left hand)
Scrolls
 m - 2 scrolls of enchant weapon
 n - 4 scrolls of teleportation
 y - a scroll of vulnerability
 A - 2 scrolls of fog
Potions
 d - 4 potions of attraction
 f - a potion of might
 g - 2 potions of curing
 k - 3 potions of magic
 x - 3 potions of resistance
 z - a potion of mutation {unknown}


   Skills:
 + Level 6.3 Fighting
 + Level 6.3 Maces & Flails
 + Level 8.2 Throwing
 + Level 6.4 Dodging


You had 8 spell levels left.
You didn't know any spells.
Your spell library contained the following spells:

 Spells                   Type           Power      Damage    Failure   Level
 Ignite Poison            Fire/Tmut/Pois 0%         N/A       83%         3
 Inner Flame              Hex/Fire       0%         N/A       83%         3
 Mephitic Cloud           Conj/Pois/Air  0%         N/A       83%         3
 Cause Fear               Hex            0%         N/A       99%         4
 Freezing Cloud           Conj/Ice/Air   0%         6-21      100%        5
 Summon Forest            Summ/Tloc      0%         N/A       100%        5
 Summon Mana Viper        Hex/Summ       0%         N/A       100%        5
 Summon Cactus Giant      Summ           0%         N/A       100%        6
 Discord                  Hex            0%         N/A       100%        8


Dungeon Overview and Level Annotations

Branches:
Dungeon (7/15)             Temple (0/1) D:4          Bailey (visited)

Shops:
D:2 (   D:5 ?

Annotations:
D:7 1 runed translucent door, Madmarshman's ghost, novice MiBe


Innate Abilities, Weirdness & Mutations

You have an increased reservoir of magic. (+10% MP)
You shall have no god before yourself.
Your divine heritage dramatically boosts your attributes as you level up.


Message History

The vault guard hits you with a +0 broad axe!
The vault guard attacks as you move away!
The vault guard misses you.
The vault guard attacks as you move away!
The vault guard hits you but does no damage.
You see here a javelin.
i - 5 javelins (gained 1)
The vault guard hits you with a +0 broad axe!!
The vault guard completely misses you.
The vault guard attacks as you move away!
The vault guard hits you with a +0 broad axe.
You see here 3 javelins.
i - 8 javelins (gained 3)
The vault guard hits you with a +0 broad axe!!
* * * LOW HITPOINT WARNING * * *
Okay, then.
Unknown command.
The vault guard hits you but does no damage.
There is a broken door, spattered with blood here.
The vault guard attacks as you move away!
The vault guard completely misses you.
Blink to where?
Press: ? - help, Dir - move target, p - vault guard
As you read the scroll of blinking, it crumbles to dust.
There is an open door here.
You see here a +0 leather armour.
Things that are here:
a +0 hand axe; a +0 leather armour
There is a gate leading back out of this place here.
The vault guard hits you with a +0 broad axe!
* * * LOW HITPOINT WARNING * * *
Welcome back to the Dungeon!
Level annotation: 1 runed translucent door, Madmarshman's ghost, novice MiBe
There is an empty arch of ancient stone, spattered with blood here.
You see here a +0 hand axe.
The vault guard hits you with a +0 broad axe!
* * * LOW HITPOINT WARNING * * *
The vault guard attacks as you move away!
The vault guard hits you with a +0 broad axe!
You die...

#.........#<........
##...##..##########.
#...##..###....####
....<#....#........#
..........#........#
..~~~≈~~~.'÷.......#
.~#####~.)...##..##
. #.p.#~))...# ###
#.)@.~......#
#...#≈......#
#####~.#+#### ~~~...
........ ..........
###..##.... .# ..##


You could see a vault guard.

Vanquished Creatures
  A vault guard (Bailey)
  Prince Ribbit (Bailey)
  A wyvern (D:7)
  A steam dragon (D:6)
  A human (Bailey)
  An orc warrior (D:6)
  2 black bears
  An ice beast (D:6)
  3 ogres
  A phantom (D:4)
  2 bullfrogs (Bailey)
  10 scorpions
  A howler monkey (D:5)
  3 hounds
  2 orc priests
  Crazy Yiuf (D:3)
  2 iguanas
  6 orc wizards
  5 gnolls
  9 adders
  A shadow imp (D:6)
  A white imp (D:7)
  An ufetubus (D:4)
  2 worms (D:2)
  A dart slug (D:1)
  23 orcs
  10 endoplasms
  A giant cockroach (D:2)
  12 goblins
  6 hobgoblins
  3 jackals (D:2)
  5 kobolds
  2 quokkas
  10 ball pythons
  5 bats
  2 frilled lizards
  3 rats (D:3)
142 creatures vanquished.

Vanquished Creatures (collateral kills)
  5 bullfrogs (Bailey)
5 creatures vanquished.

Vanquished Creatures (others)
  2 fungi (D:4)
2 creatures vanquished.

Grand Total: 149 creatures vanquished

Notes
Turn   | Place    | Note
-------+----------+-------------------------------------------
     0 | D:1      | Gabide the Demigod Gladiator began the quest for the Orb.
     0 | D:1      | Reached XP level 1. HP: 17/17 MP: 3/3
    80 | D:1      | You fall into a shaft and drop 1 floor!
   102 | D:2      | Reached skill level 2 in Throwing
   102 | D:2      | Reached XP level 2. HP: 16/24 MP: 4/4
   228 | D:2      | Found Dul Noal's Weapon Emporium.
   472 | D:2      | Reached XP level 3. HP: 14/30 MP: 5/5
  2148 | D:3      | Noticed a scorpion
  2157 | D:3      | Killed a scorpion
  2158 | D:3      | Reached skill level 3 in Throwing
  2158 | D:3      | Reached XP level 4. HP: 19/38 MP: 6/6
  2817 | D:3      | Reached skill level 4 in Throwing
  2817 | D:3      | Reached XP level 5. HP: 37/45 MP: 7/7
  3205 | D:3      | Found a runed translucent door.
  3206 | D:3      | Noticed Crazy Yiuf
  3445 | D:3      | Killed Crazy Yiuf
  3517 | D:4      | Reached skill level 5 in Throwing
  3537 | D:4      | Reached XP level 6. HP: 17/51 MP: 8/8
  3846 | D:4      | Reached skill level 6 in Throwing
  3986 | D:4      | Found the +7 Singing Sword {vorpal, sonic wave}
  4301 | D:4      | Reached XP level 7. HP: 57/57 MP: 9/9
  4390 | D:4      | Found a staircase to the Ecumenical Temple.
  5195 | D:5      | Entered Level 5 of the Dungeon
  5670 | D:5      | Reached XP level 8. HP: 42/66 MP: 10/10
  5908 | D:5      | Found Jifeaj's Magic Scroll Boutique.
  5916 | D:5      | Bought 2 scrolls of identify for 44 gold pieces
  5916 | D:5      | Bought a scroll of identify for 22 gold pieces
  5916 | D:5      | Bought a scroll of fog for 44 gold pieces
  5916 | D:5      | Identified a scroll of acquirement
  5918 | D:5      | Acquired a +4 great mace of distortion
  6485 | D:6      | Reached skill level 7 in Throwing
  6843 | D:6      | Reached skill level 5 in Maces & Flails
  6843 | D:6      | Reached skill level 5 in Dodging
  7094 | D:6      | Reached skill level 5 in Fighting
  7377 | D:6      | Identified the +1 leather armour "Ceunt" {rC- Str+4 Dex+6
                  | Stlth+}
  7705 | D:7      | Found a runed translucent door.
  7706 | D:7      | Noticed Madmarshman's ghost (novice MiBe)
  7952 | D:7      | Found a flagged portal.
  7994 | Bailey   | Entered a bailey
  8093 | Bailey   | Reached XP level 9. HP: 59/74 MP: 11/11
  8322 | Bailey   | Noticed Prince Ribbit
  8332 | Bailey   | Killed Prince Ribbit
  8543 | Bailey   | Noticed a vault guard
  8556 | Bailey   | Killed a vault guard
  8557 | Bailey   | Reached skill level 8 in Throwing
  8591 | Bailey   | Noticed a vault guard
  9004 | D:7      | HP: 1/77 [vault guard/+0 broad axe (15)]
  9005 | D:7      | Mangled by a vault guard

Illustrated notes

Levels and vault maps discovered:
D:1:      psy_arrival_dodecagon, layout_loops_ring, basic_ecumenical_altar
D:2:      layout_rooms, serial_shops, shop, due_unseen_surprise
D:3:      layout_loops_ring, st_stairs_11, uniq_crazy_yiuf_cottage
D:4:      old_forge, layout_basic, minmay_temple_entry_purple_smoke,
          grunt_ministairs_15, hangedman_decor_opposing,
          kennysheep_generic_room_9
D:5:      layout_basic, grunt_dithmenos_smoke, serial_shops,
          nicolae_shop_crystal
D:6:      layout_rooms, elyvilon_altar_1, minmay_holes,
          chequers_serial_rivers_large_a, dk_vineyard_2
D:7:      layout_gridville, mainiacjoe_overflow_alcove_4, gammafunk_ghost_grave,
          enter_bailey_3, uniq_joseph

Skill      XL: |  1  2  3  4  5  6  7  8  9 |
---------------+----------------------------+-----
Fighting       | 2 3 4 5 6 |  6.3
Throwing       | 2 3 4 5 6 7 8 |  8.2
Maces & Flails | 3 4 5 6 |  6.3
Dodging        | 3 4 5 6 |  6.4

Action                   |  1- 3 |  4- 6 |  7- 9 || total
-------------------------+-------+-------+-------++-------
Melee: Flail             |   104 |    94 |   302 ||   500
       Punch             |       |     1 |     4 ||     5
Throw: Javelin           |     3 |     3 |    43 ||    49
       Boomerang         |     4 |    10 |    15 ||    29
       Throwing net      |     4 |       |     3 ||     7
  Use: Potion            |     2 |       |     9 ||    11
       Scroll            |     5 |     5 |    15 ||    25
 Stab: Held in net/web   |     1 |     1 |     2 ||     4
       Sleeping          |       |     1 |       ||     1
Armor: Leather armour    |    36 |    51 |   132 ||   219
Dodge: Dodged            |    90 |    66 |   265 ||   421
